 Dungeon Crawl Stone Soup version 0.30.1-9-gdf580d7c3d (webtiles) character file.

Game seed: 9416334528919617238

80 aracne12 the Digger (level 4, -2/39 HPs)
             Began as a Troll Earth Elementalist on Oct 16, 2023.
             Slain by a goblin
             ... wielding a +0 club
             ... led by Robin
              (6 damage)
             ... on level 2 of the Dungeon.
             The game lasted 00:05:51 (2019 turns).

aracne12 the Digger (Troll Earth Elementalist)      Turns: 2019, Time: 00:05:52

Health: -2/39      AC:  4    Str: 16    XL:     4   Next: 18%
Magic:  1/5        EV: 10    Int: 13    God:
Gold:   67         SH:  0    Dex: 10    Spells: 5/6 levels left

rFire   . .          .
                       - Unarmed
rCold   . . .        (no shield)
rNeg    . . .        a - +0 robe
rPois   .            (helmet restricted)
rElec   .            (no cloak)
rCorr   +            (gloves unavailable)
SInv    .            (boots unavailable)
Will    .....        (no amulet)
Stlth   +            e - ring of resist corrosion
HPRegen 1.06/turn    (no ring)
MPRegen 0.09/turn

%: no passive effects
@: brilliant
A: large, unfitting armour, claws 3, regeneration 1, shaggy fur 1, tough skin 1
a: no special abilities


You were on level 2 of the Dungeon.
You visited 1 branch of the dungeon, and saw 2 of its levels.

You collected 67 gold pieces.

Inventory:

Armour
 a - a +0 robe (worn)
Jewellery
 e - a ring of resist corrosion (left claw)
Scrolls
 c - a scroll of immolation {unknown}
 d - a scroll of enchant weapon
 g - a scroll of identify
 i - a scroll of vulnerability {unknown}
Potions
 b - 2 potions of magic
 f - a potion of brilliance
 h - a potion of cancellation {unknown}
 j - a potion of curing {unknown}


   Skills:
 + Level 0.1 Fighting
 + Level 0.2 Armour
 + Level 1.9 Dodging
 + Level 1.2 Stealth
 + Level 1.3 Unarmed Combat
 + Level 1.6 Spellcasting
 + Level 1.0 Transmutations
 * Level 3.3 Earth Magic


You had 5 spell levels left.
You knew the following spells:

 Your Spells              Type           Power      Damage    Failure   Level
a - Sandblast             Erth           28%        2d8       7%          1

Your spell library contained the following spells:

 Spells                   Type           Power      Damage    Failure   Level
 Passwall                 Tmut/Erth      8%         N/A       17%         2
 Freeze                   Ice            4%         1d3       26%         1
 Stone Arrow              Conj/Erth      16%        3d8       38%         3
 Frozen Ramparts          Ice            2%         1d1       63%         3
 Hailstorm                Conj/Ice       1%         3d3       63%         3
 Petrify                  Tmut/Erth      10%        N/A       73%         4


Dungeon Overview and Level Annotations

Branches:
Dungeon (2/15)

Altars:

Annotations:
D:2 Robin


Innate Abilities, Weirdness & Mutations

You are too large for most types of armour.
You have claws for hands.
Your natural rate of healing is unusually fast.
You are covered in fur. (AC +1)
You have tough skin. (AC +1)


Message History

The goblin hits you but does no damage.
You closely miss the goblin.
The goblin is heavily wounded.
The goblin barely misses you. x2; Robin throws the goblin at you!
As you read the scroll labelled UFFUMEA LORRO, it crumbles to dust.
It is a scroll of identify.
d - a scroll of enchant weapon The goblin hits you with a +0 dagger.
The goblin barely misses you. The goblin hits you with a +0 club.
You closely miss the goblin.
The goblin is heavily wounded.
The goblin hits you with a +0 dagger. The goblin hits you with a +0 club. x2
You are too injured to fight recklessly!
You are too injured to fight recklessly!
You are too injured to fight recklessly!
Aiming: Sandblast (safe; 7% risk of failure)
Press: ? - help, Q - select action Shift-Dir - straight line, f/p - goblin
Aim: a goblin, wielding a +0 dagger (heavily wounded, strong, 76% to hit)
The blast of sand hits the goblin.
You kill the goblin!
The goblin hits you with a +0 club.
* * * LOW HITPOINT WARNING * * *
The goblin closely misses you.
Aiming: Sandblast (safe; 7% risk of failure)
Press: ? - help, Q - select action Shift-Dir - straight line, f - goblin
Aim: a goblin, wielding a +0 club (strong, 76% to hit)
The blast of sand hits the goblin.
You kill the goblin!
The goblin completely misses you. The goblin closely misses you.
The goblin hits you with a +0 dagger.
* * * LOW HITPOINT WARNING * * *
The goblin hits you with a +0 club.
* * * LOW HITPOINT WARNING * * *
The goblin hits you with a +0 club.
* * * LOW HITPOINT WARNING * * *
Your magical contamination has completely faded away.
It was a potion of brilliance.
You feel clever all of a sudden. The goblin hits you with a +0 club.
You die...

..# ..# #..#+ #######
.... ....... ..#
......g##### ..#
......ggg@g# ..#
.......g##g# ..#
........##.# ..#
........##.# ..#
........#..# '##
........#.##..... .#
........#.##....#
.###############.##....#
.......# #.#.##....#


You could see Robin and 6 goblins.

Vanquished Creatures
  Jessica (D:2)
  2 dart slugs (D:1)
  5 ball pythons
  6 endoplasms
  7 goblins
  4 hobgoblins (D:1)
  5 quokkas
  6 bats
  4 kobolds
  4 rats (D:1)
44 creatures vanquished.

Notes
Turn   | Place    | Note
-------+----------+-------------------------------------------
     0 | D:1      | aracne12 the Troll Earth Elementalist began the quest for
                  | the Orb.
     0 | D:1      | Reached XP level 1. HP: 16/16 MP: 1/1
   123 | D:1      | Reached XP level 2. HP: 21/24 MP: 3/3
   132 | D:1      | Reached skill level 3 in Earth Magic
   719 | D:1      | Reached XP level 3. HP: 31/31 MP: 4/4
   851 | D:1      | Reached skill level 1 in Unarmed Combat
  1704 | D:2      | Noticed Jessica
  1951 | D:2      | Killed Jessica
  1952 | D:2      | Reached skill level 1 in Transmutations
  1952 | D:2      | Reached XP level 4. HP: 39/39 MP: 3/5
  2007 | D:2      | Noticed Robin
  2019 | D:2      | Slain by a goblin

Illustrated notes

Levels and vault maps discovered:
D:1:      scummos_arrival_gate, layout_loops_corners, minmay_vboxes
D:2:      layout_basic, basic_altar, uniq_robin, uniq_jessica

Skill      XL: |  1  2  3 |
---------------+----------+-----
Earth Magic    | 3 |  3.3
Unarmed Combat | 1 |  1.3
Transmutations | 1 |  1.0
Fighting       | |  0.1
Armour         | |  0.2
Dodging        | |  1.9
Stealth        | |  1.2
Spellcasting   | |  1.6

Action                     |  1- 3 |  4- 6 || total
---------------------------+-------+-------++-------
  Melee: Unarmed           |    70 |    12 ||    82
         Punch             |     1 |       ||     1
   Cast: Sandblast         |    16 |     4 ||    20
    Use: Scroll            |       |     1 ||     1
         Potion            |       |     1 ||     1
   Stab: Sleeping          |     5 |     1 ||     6
 Armour: Robe              |    27 |     3 ||    30
  Dodge: Dodged            |    44 |    12 ||    56
